 Dungeon Crawl Stone Soup version 0.28.0-45-g0d030f2227 (webtiles) character file.

Game seed: 611894014304250532

1557 Renzlar the Shield-Bearer (level 8, -12/67 HPs)
             Began as a Gnoll Fighter on Apr 16, 2022.
             Mangled by an ogre
             ... wielding a +0 giant spiked club
              (15 damage)
             ... on level 5 of the Dungeon.
             The game lasted 00:16:25 (4959 turns).

Renzlar the Shield-Bearer (Gnoll Fighter)           Turns: 4959, Time: 00:16:26

Health: -12/67     AC: 12    Str: 17    XL:     8   Next: 88%
Magic:  13/13      EV: 10    Int:  9    God:
Gold:   250        SH:  5    Dex: 11    Spells: 14/14 levels left

rFire   . . .      SeeInvis .   a - +0 war axe (vorpal)
rCold   . . .      Faith    .   l - +0 buckler
rNeg    . . .      Spirit   .   b - +0 scale mail
rPois   +          Reflect  .   (no helmet)
rElec   .          Harm     .   d - +2 cloak {Will+}
rCorr   .          Rampage  .   k - +0 pair of gloves
Will    +....                   (no boots)
Stlth   +.........              (no amulet)
HPRegen 0.21/turn               m - ring of poison resistance
MPRegen 0.13/turn               (no ring)

@: no status effects
A: fangs 1, strong nose, distributed training
a: no special abilities


You were on level 5 of the Dungeon.
You visited 2 branches of the dungeon, and saw 6 of its levels.

You collected 250 gold pieces.

Inventory:

Hand Weapons
 a - a +0 vorpal war axe (weapon)
 c - a +0 hunting sling
 p - a +0 trident of pain
Missiles
 h - 40 stones (quivered)
 s - 14 sling bullets
 w - a curare-tipped dart
Armour
 b - a +0 scale mail (worn)
 d - a +2 cloak of willpower (worn)
 k - a +0 pair of gloves (worn)
 l - a +0 buckler (worn)
Jewellery
 m - a ring of poison resistance (left hand)
 q - a ring of positive energy
 t - a ring of protection from cold
Wands
 n - a wand of polymorph (1)
Scrolls
 e - 4 scrolls of fear
 g - 3 scrolls of teleportation
 o - a scroll of silence
 u - a scroll of summoning
Potions
 f - a potion of might
 i - 2 potions of curing
 j - a potion of cancellation
 r - 2 potions of flight
 v - a potion of haste
 x - a potion of attraction {unknown}


   Skills:
 + Level 7.5 Fighting
 + Level 3.6 Short Blades
 + Level 3.6 Long Blades
 + Level 5.9 Axes
 + Level 3.6 Maces & Flails
 + Level 3.6 Polearms
 + Level 3.6 Staves
 + Level 3.6 Slings
 + Level 3.6 Bows
 + Level 3.6 Crossbows
 + Level 3.6 Throwing
 + Level 7.5 Armour
 + Level 3.6 Dodging
 + Level 3.6 Stealth
 + Level 7.5 Shields
 + Level 3.6 Unarmed Combat
 + Level 3.6 Spellcasting
 + Level 3.0 Conjurations
 + Level 3.0 Hexes
 + Level 3.0 Summonings
 + Level 3.0 Necromancy
 + Level 3.0 Translocations
 + Level 3.0 Transmutations
 + Level 3.0 Fire Magic
 + Level 3.0 Ice Magic
 + Level 3.0 Air Magic
 + Level 3.0 Earth Magic
 + Level 3.0 Poison Magic
 + Level 4.0 Invocations
 + Level 3.6 Evocations


You had 14 spell levels left.
You didn't know any spells.
Your spell library contained the following spells:

 Spells                   Type           Power      Damage    Failure   Level
 Shock                    Conj/Air       28%        1d4       30%         1
 Slow                     Hex            28%        N/A       30%         1
 Sting                    Tmut/Pois      28%        1d4       30%         1
 Summon Small Mammal      Summ           28%        N/A       30%         1
 Poisonous Vapours        Pois/Air       14%        N/A       41%         2
 Call Canine Familiar     Summ           7%         N/A       65%         3
 Confusing Touch          Hex            7%         N/A       65%         3
 Summon Guardian Golem    Hex/Summ       7%         N/A       65%         3
 Swiftness                Air            7%         N/A       65%         3
 Vampiric Draining        Necr           7%         2d6       65%         3
 Airstrike                Air            3%         N/A       96%         4
 Olgreb's Toxic Radiance  Pois           7%         N/A       96%         4


Dungeon Overview and Level Annotations

Branches:
Dungeon (5/15)             Temple (1/1) D:5

Altars:
Cheibriados
Hepliaklqana
Kikubaaqudgha
Nemelex Xobeh
Qazlal
Uskayaw
Wu Jian
Xom
Yredelemnul
Zin
The Shining One

Shops:
D:4 (


Innate Abilities, Weirdness & Mutations

You have very sharp teeth.
Your uncanny sense of smell can sniff out nearby items.
Your experience applies equally to all skills.


Message History

Your Fire Magic skill increases to level 3!
Your Ice Magic skill increases to level 3!
Your Air Magic skill increases to level 3!
Your Earth Magic skill increases to level 3!
Your Poison Magic skill increases to level 3!
You barely miss the ogre. You block the gnoll's attack. The ogre misses you.
You hit the ogre.
The ogre is lightly wounded.
The gnoll barely misses you.
The ogre hits you with a +0 giant spiked club!
You hit the ogre.
The ogre is lightly wounded.
You block the gnoll's attack.
The ogre hits you with a +0 giant spiked club!
* * * LOW HITPOINT WARNING * * *
You hit the ogre. You bite the ogre.
The ogre is moderately wounded.
The gnoll hits you from afar with a +0 spear.
* * * LOW HITPOINT WARNING * * *
The gnoll hits you from afar with a +0 spear.
* * * LOW HITPOINT WARNING * * *
You block the ogre's attack.
You completely miss the ogre.
The ogre is moderately wounded.
The gnoll hits you but does no damage.
The ogre hits you with a +0 giant spiked club!
* * * LOW HITPOINT WARNING * * *
Unknown command.
You hit the ogre but do no damage.
The ogre is moderately wounded.
The gnoll hits you but does no damage.
Unknown command.
You slash the ogre!
The ogre is severely wounded.
The ogre hits you but does no damage. The gnoll hits you but does no damage.
Unknown command.
You hit the ogre. You bite the ogre, but do no damage.
The ogre is almost dead.
The ogre hits you with a +0 giant spiked club!
You die...

....##..##.#.>......###....#.....
..####...#.......##..###..####...
#..###....................######.
.........####.....####....##..###
.........#(.##...##.:#[.#.#(.....
.........#...##.##...#.##)#......
.....###.##...#.#.g.##.##[#......
.....##...##.)#.#O.##...........#
...........###..@###............#
...............8.................
...........###...###.............
..........## +#.#+ ##............
......#..## #.# ##.#.........
.....###.# ##.## #.#.#......#
#....##..#∆ ##...## ∆#.........[.
##.......####.....####.......
##..#..................#..


You could see an ogre and a gnoll.

Vanquished Creatures
  Pikel (D:4)
  A sky beast (D:5)
  3 ogres
  A kobold brigand (D:4)
  2 scorpions
  A wyvern skeleton (D:5)
  A hound (D:4)
  Crazy Yiuf (D:2)
  A bullfrog skeleton (D:5)
  An orc priest (D:5)
  2 jellies (D:4)
  A centaur skeleton (D:5)
  An iguana (D:5)
  2 orc wizards
  A hound skeleton (D:4)
  4 gnolls (D:4)
  9 adders
  A white imp (D:5)
  2 ufetubi
  A worm (D:2)
  6 dart slugs
  8 orcs
  12 bats
  3 endoplasms
  3 giant cockroaches
  6 goblins
  11 hobgoblins
  2 jackals (D:3)
  4 quokkas
  13 ball pythons
  2 frilled lizards (D:3)
  6 kobolds
  7 rats
120 creatures vanquished.

Vanquished Creatures (others)
  A centaur zombie (D:5)
1 creature vanquished.

Grand Total: 121 creatures vanquished

Notes
Turn   | Place    | Note
-------+----------+-------------------------------------------
     0 | D:1      | Renzlar the Gnoll Fighter began the quest for the Orb.
     0 | D:1      | Reached XP level 1. HP: 23/23 MP: 1/1
   168 | D:1      | Reached XP level 2. HP: 29/29 MP: 2/2
   492 | D:1      | Reached XP level 3. HP: 27/35 MP: 3/3
   862 | D:2      | Found a faded altar of an unknown god.
   984 | D:2      | Reached skill level 1 in Invocations
  1180 | D:2      | Reached skill level 1 in Short Blades
  1180 | D:2      | Reached skill level 1 in Long Blades
  1180 | D:2      | Reached skill level 1 in Maces & Flails
  1180 | D:2      | Reached skill level 1 in Polearms
  1180 | D:2      | Reached skill level 1 in Staves
  1180 | D:2      | Reached skill level 1 in Slings
  1180 | D:2      | Reached skill level 1 in Bows
  1180 | D:2      | Reached skill level 1 in Crossbows
  1180 | D:2      | Reached skill level 1 in Throwing
  1180 | D:2      | Reached skill level 1 in Dodging
  1180 | D:2      | Reached skill level 1 in Stealth
  1180 | D:2      | Reached skill level 1 in Unarmed Combat
  1180 | D:2      | Reached skill level 1 in Spellcasting
  1180 | D:2      | Reached skill level 1 in Evocations
  1352 | D:2      | Found a runed translucent door.
  1353 | D:2      | Noticed Crazy Yiuf
  1364 | D:2      | Killed Crazy Yiuf
  1365 | D:2      | Reached XP level 4. HP: 29/41 MP: 5/5
  1905 | D:3      | Reached skill level 1 in Conjurations
  1905 | D:3      | Reached skill level 1 in Hexes
  1905 | D:3      | Reached skill level 1 in Summonings
  1905 | D:3      | Reached skill level 1 in Necromancy
  1905 | D:3      | Reached skill level 1 in Translocations
  1905 | D:3      | Reached skill level 1 in Transmutations
  1905 | D:3      | Reached skill level 1 in Fire Magic
  1905 | D:3      | Reached skill level 1 in Ice Magic
  1905 | D:3      | Reached skill level 1 in Air Magic
  1905 | D:3      | Reached skill level 1 in Earth Magic
  1905 | D:3      | Reached skill level 1 in Poison Magic
  1921 | D:3      | Reached XP level 5. HP: 41/47 MP: 5/7
  2244 | D:3      | Found a sparkling altar of Nemelex Xobeh.
  2731 | D:4      | Noticed a kobold brigand
  2744 | D:4      | Killed a kobold brigand
  2745 | D:4      | Reached XP level 6. HP: 29/53 MP: 8/8
  2988 | D:4      | Reached skill level 5 in Axes
  3098 | D:4      | Found Yloysaet's Weapon Emporium.
  3282 | D:4      | Reached XP level 7. HP: 47/59 MP: 10/10
  3824 | D:5      | Entered Level 5 of the Dungeon
  3824 | D:5      | Noticed Pikel
  3847 | D:4      | Killed Pikel
  3848 | D:4      | Reached XP level 8. HP: 59/67 MP: 10/12
  4434 | D:5      | Noticed Sigmund
  4442 | D:5      | Noticed Sigmund
  4442 | D:5      | Sigmund changed into Sigmund the giant cockroach
  4443 | D:5      | Killed Sigmund the giant cockroach
  4772 | D:5      | Found a staircase to the Ecumenical Temple.
  4781 | Temple   | Entered the Ecumenical Temple
  4956 | D:5      | HP: 2/67 [ogre/+0 giant spiked club (9)]
  4959 | D:5      | Mangled by an ogre

Illustrated notes

Levels and vault maps discovered:
D:1:      dpeg_arrival_orchard, layout_basic, grunt_decor_junction
D:2:      layout_basic, nicolae_ecumenical_pavilion, kennysheep_small_spiral,
          uniq_crazy_yiuf_cottage
D:3:      kennysheep_big_flooded_room, layout_loops_cross,
          nemelex_spade_bored_becter, minmay_snake_closets
D:4:      layout_loops_ring, serial_shops, nicolae_inconvenience_store
D:5:      cheibrodos_barr_body, layout_cave_pools, lightli_temple_of_fire,
          lemuel_temple_firewalk_b, uniq_sigmund, uniq_pikel
Temple:   eino_wide_crystal_templ

Skill      XL: |  1  2  3  4  5  6  7  8 |
---------------+-------------------------+-----
Invocations    | 1 2 3 4 |  4.0
Short Blades   | 1 2 3 |  3.6
Long Blades    | 1 2 3 |  3.6
Maces & Flails | 1 2 3 |  3.6
Polearms       | 1 2 3 |  3.6
Staves         | 1 2 3 |  3.6
Slings         | 1 2 3 |  3.6
Bows           | 1 2 3 |  3.6
Crossbows      | 1 2 3 |  3.6
Throwing       | 1 2 3 |  3.6
Dodging        | 1 2 3 |  3.6
Stealth        | 1 2 3 |  3.6
Unarmed Combat | 1 2 3 |  3.6
Spellcasting   | 1 2 3 |  3.6
Evocations     | 1 2 3 |  3.6
Conjurations   | 1 2 3 |  3.0
Hexes          | 1 2 3 |  3.0
Summonings     | 1 2 3 |  3.0
Necromancy     | 1 2 3 |  3.0
Translocations | 1 2 3 |  3.0
Transmutations | 1 2 3 |  3.0
Fire Magic     | 1 2 3 |  3.0
Ice Magic      | 1 2 3 |  3.0
Air Magic      | 1 2 3 |  3.0
Earth Magic    | 1 2 3 |  3.0
Poison Magic   | 1 2 3 |  3.0
Axes           | 5 |  5.9
Fighting       | 7 |  7.5
Armour         | 7 |  7.5
Shields        | 7 |  7.5

Action                   |  1- 3 |  4- 6 |  7- 9 || total
-------------------------+-------+-------+-------++-------
Melee: War axe           |    94 |   159 |   131 ||   384
       Bite              |     4 |    12 |    15 ||    31
 Fire: Hunting sling     |       |     2 |     4 ||     6
Throw: Dart              |       |       |     1 ||     1
Evoke: Wand              |       |       |     1 ||     1
  Use: Scroll            |     6 |     7 |     2 ||    15
       Potion            |     1 |       |     1 ||     2
Armor: Scale mail        |    36 |    93 |    51 ||   180
Dodge: Dodged            |    41 |    59 |    57 ||   157
Block: Buckler           |    31 |    38 |    28 ||    97
